TOP OF THE 1ST |
Detroit X-Wings batting - Pitching for Allentown Hillbillies : RHP Okura Oike
|
Pitching: RHP Okura Oike
|
|
Batting: RHB Gary Witt
|
0-0: Foul Ball, location: 2F 0-1: Called Strike 0-2: Ball 1-2: Fly out, F8 (Line Drive, 8LM)
|
Batting: SHB Felipe Detorres
|
0-0: Ball 1-0: Swinging Strike 1-1: Ground out 6-3 (Groundball, 6)
|
Batting: LHB Chris Loudermilk
|
0-0: Fly out, F7 (Flyball, 7)
|
Top of the 1st over - 0 run(s), 0 hit(s), 0 error(s), 0 left on base; Detroit 0 - Allentown 0 |
BOTTOM OF THE 1ST |
Allentown Hillbillies batting - Pitching for Detroit X-Wings : LHP Javier Duarte
|
Pitching: LHP Javier Duarte
|
|
Batting: RHB Millard Stark
|
0-0: Ball 1-0: Called Strike 1-1: SOLO HOME RUN (Flyball, 8RXD), Distance : 431 ft
|
Batting: RHB António Yánez
|
0-0: SINGLE (Flyball, 7S)
|
Batting: RHB Albert Lutz
|
0-0: Ball 1-0: Ball 2-0: Ball 3-0: Called Strike 3-1: Foul Ball, location: 2F 3-2: Base on Balls António Yánez to second
|
Batting: RHB Diego Rivera
|
0-0: Ball 1-0: Called Strike 1-1: Ball 2-1: Fly out, F9 (Flyball, 9LS)
|
Batting: LHB Eduardo Rodríguez
|
0-0: Ball 1-0: Swinging Strike 1-1: Foul Ball, location: 2F 1-2: Ball 2-2: Ball 3-2: SINGLE (Groundball, 34D) António Yánez to third Albert Lutz to second Runner from 3rd tries for Home, SAFE, no throw
|
Batting: RHB Dan Banks
|
0-0: Ball 1-0: Ball 2-0: Ball 3-0: Called Strike 3-1: Base on Balls Albert Lutz to third Eduardo Rodríguez to second
|
Batting: RHB Carl Brown
|
0-0: DOUBLE (Flyball, 8LXD) Albert Lutz scores Eduardo Rodríguez scores Dan Banks to third
|
Batting: RHB Bartolo López
|
0-0: Ball 1-0: Called Strike 1-1: Fly out, F8 (Flyball, 8LD) Runner from 3rd tags up, SCORES, no throw
|
Batting: RHB Joel Jackson
|
0-0: Ball 1-0: Ball 2-0: Ball 3-0: Base on Balls
|
Batting: RHB Millard Stark
|
0-0: Ball 1-0: DOUBLE (Groundball, 5L) Carl Brown scores Joel Jackson to third
|
Batting: RHB António Yánez
|
0-0: Foul Ball, location: 2F 0-1: Ball 1-1: Ball 2-1: Foul Ball, location: 2F 2-2: Fly out, F8 (Flyball, 8RS)
|
Bottom of the 1st over - 6 run(s), 5 hit(s), 0 error(s), 2 left on base; Detroit 0 - Allentown 6 |
TOP OF THE 2ND |
Detroit X-Wings batting - Pitching for Allentown Hillbillies : RHP Okura Oike
|
Batting: RHB Keith Sims
|
0-0: Swinging Strike 0-1: Ball 1-1: Foul Ball, location: 2F 1-2: Strikes out swinging
|
Batting: LHB Jeremy Cox
|
0-0: Swinging Strike 0-1: Ball 1-1: Called Strike 1-2: Strikes out looking
|
Batting: RHB Jorge Castillo
|
0-0: Ball 1-0: Ball 2-0: Foul Ball, location: 2F 2-1: Swinging Strike 2-2: Foul Ball, location: 2F 2-2: Strikes out looking
|
Top of the 2nd over - 0 run(s), 0 hit(s), 0 error(s), 0 left on base; Detroit 0 - Allentown 6 |
BOTTOM OF THE 2ND |
Allentown Hillbillies batting - Pitching for Detroit X-Wings : LHP Javier Duarte
|
Batting: RHB Albert Lutz
|
0-0: Ball 1-0: Ball 2-0: SOLO HOME RUN (Flyball, 7D), Distance : 365 ft
|
Batting: RHB Diego Rivera
|
0-0: Called Strike 0-1: Called Strike 0-2: Ball 1-2: Ground out 5-3 (Groundball, 5)
|
Batting: LHB Eduardo Rodríguez
|
0-0: Ball 1-0: Ground out U3 (Groundball, 2R)
|
Batting: RHB Dan Banks
|
0-0: Called Strike 0-1: Ball 1-1: Ball 2-1: Foul Ball, location: 2F 2-2: Fly out, F7 (Flyball, 7)
|
Bottom of the 2nd over - 1 run(s), 1 hit(s), 0 error(s), 0 left on base; Detroit 0 - Allentown 7 |
TOP OF THE 3RD |
Detroit X-Wings batting - Pitching for Allentown Hillbillies : RHP Okura Oike
|
Batting: LHB Sergio Luna
|
0-0: Ball 1-0: Called Strike 1-1: Called Strike 1-2: Ball 2-2: Ground out 4-3 (Groundball, 4)
|
Batting: RHB Robby Lewis
|
0-0: Ground out U3 (Groundball, 34S)
|
Batting: RHB Yoshitsune Kamida
|
0-0: Ball 1-0: Called Strike 1-1: Foul Ball, location: 2F 1-2: Ball 2-2: Ground out 5-3 (Groundball, 5L)
|
Top of the 3rd over - 0 run(s), 0 hit(s), 0 error(s), 0 left on base; Detroit 0 - Allentown 7 |
BOTTOM OF THE 3RD |
Allentown Hillbillies batting - Pitching for Detroit X-Wings : LHP Javier Duarte
|
Batting: RHB Carl Brown
|
0-0: Ground out 6-3 (Groundball, 6)
|
Batting: RHB Bartolo López
|
0-0: Ball 1-0: Ball 2-0: Called Strike 2-1: SINGLE (Line Drive, 6MD)
|
Batting: RHB Joel Jackson
|
0-0: Called Strike 0-1: DOUBLE (Flyball, 89D) Bartolo López to third
|
Batting: RHB Millard Stark
|
0-0: Ball 1-0: Ball 2-0: Ball 3-0: Base on Balls
|
Batting: RHB António Yánez
|
0-0: Ball 1-0: Swinging Strike 1-1: Ball 2-1: Swinging Strike 2-2: Strikes out swinging
|
Batting: RHB Albert Lutz
|
0-0: Ball 1-0: Ball 2-0: Foul Ball, location: 2F 2-1: Foul Ball, location: 2F 2-2: Strikes out swinging
|
Bottom of the 3rd over - 0 run(s), 2 hit(s), 0 error(s), 3 left on base; Detroit 0 - Allentown 7 |
TOP OF THE 4TH |
Detroit X-Wings batting - Pitching for Allentown Hillbillies : RHP Okura Oike
|
Batting: RHB Gary Witt
|
0-0: Ball 1-0: Called Strike 1-1: Ball 2-1: Ball 3-1: Reached on error, E7 (Flyball, 78M)
|
Batting: SHB Felipe Detorres
|
0-0: Called Strike 0-1: Called Strike 0-2: Ball 1-2: Strikes out swinging
|
Batting: LHB Chris Loudermilk
|
0-0: Ground out 4-3 (Groundball, 4MS) Gary Witt to second
|
Batting: RHB Keith Sims
|
0-0: Fly out, F7 (Line Drive, 7D)
|
Top of the 4th over - 0 run(s), 0 hit(s), 1 error(s), 1 left on base; Detroit 0 - Allentown 7 |
BOTTOM OF THE 4TH |
Allentown Hillbillies batting - Pitching for Detroit X-Wings : LHP Javier Duarte
|
Pitching: LHP Mike O'Brien
|
|
Batting: RHB Diego Rivera
|
0-0: Called Strike 0-1: Ball 1-1: Foul Ball, location: 2F 1-2: Ball 2-2: Foul Ball, location: 2F 2-2: SOLO HOME RUN (Flyball, 7D), Distance : 358 ft
|
Batting: LHB Eduardo Rodríguez
|
0-0: Ball 1-0: Foul Ball, location: 2F 1-1: Foul Ball, location: 2F 1-2: Ground out U3 (Groundball, 34)
|
Batting: RHB Dan Banks
|
0-0: Called Strike 0-1: Ball 1-1: Foul Ball, location: 2F 1-2: Ball 2-2: Fly out, F8 (Flyball, 8LS)
|
Batting: RHB Carl Brown
|
0-0: Ball 1-0: Swinging Strike 1-1: Ball 2-1: Called Strike 2-2: Ball 3-2: Fly out, F4 (Line Drive, 4)
|
Bottom of the 4th over - 1 run(s), 1 hit(s), 0 error(s), 0 left on base; Detroit 0 - Allentown 8 |
TOP OF THE 5TH |
Detroit X-Wings batting - Pitching for Allentown Hillbillies : RHP Okura Oike
|
Batting: LHB Jeremy Cox
|
0-0: Called Strike 0-1: Ball 1-1: Swinging Strike 1-2: Ball 2-2: Strikes out swinging
|
Batting: RHB Jorge Castillo
|
0-0: Ball 1-0: Called Strike 1-1: Foul Ball, location: 2F 1-2: Ball 2-2: Strikes out swinging, 2-3 out at first.
|
Batting: LHB Sergio Luna
|
0-0: Ball 1-0: Ground out 4-3 (Groundball, 4)
|
Top of the 5th over - 0 run(s), 0 hit(s), 0 error(s), 0 left on base; Detroit 0 - Allentown 8 |
BOTTOM OF THE 5TH |
Allentown Hillbillies batting - Pitching for Detroit X-Wings : LHP Mike O'Brien
|
Batting: RHB Bartolo López
|
0-0: Called Strike 0-1: Ball 1-1: Foul Ball, location: 2F 1-2: Foul Ball, location: 2F 1-2: Foul Ball, location: 2F 1-2: Ball 2-2: Ground out 6-3 (Groundball, 6)
|
Batting: RHB Joel Jackson
|
0-0: Called Strike 0-1: Foul Ball, location: 2F 0-2: Ball 1-2: Strikes out looking
|
Batting: RHB Millard Stark
|
0-0: Called Strike 0-1: Foul Ball, location: 2F 0-2: Strikes out swinging
|
Bottom of the 5th over - 0 run(s), 0 hit(s), 0 error(s), 0 left on base; Detroit 0 - Allentown 8 |
TOP OF THE 6TH |
Detroit X-Wings batting - Pitching for Allentown Hillbillies : RHP Okura Oike
|
Batting: RHB Robby Lewis
|
0-0: Swinging Strike 0-1: Ball 1-1: Swinging Strike 1-2: Strikes out looking
|
Batting: RHB Yoshitsune Kamida
|
0-0: Ball 1-0: Ball 2-0: Called Strike 2-1: Swinging Strike 2-2: Strikes out swinging, 2-3 out at first.
|
Batting: RHB Gary Witt
|
0-0: Called Strike 0-1: Called Strike 0-2: Strikes out swinging
|
Top of the 6th over - 0 run(s), 0 hit(s), 0 error(s), 0 left on base; Detroit 0 - Allentown 8 |
BOTTOM OF THE 6TH |
Allentown Hillbillies batting - Pitching for Detroit X-Wings : LHP Mike O'Brien
|
Batting: RHB António Yánez
|
0-0: Called Strike 0-1: Ball 1-1: Fly out, F8 (Flyball, 8RS)
|
Pitching: RHP Ralph Bascombe
|
|
Batting: RHB Albert Lutz
|
0-0: Ball 1-0: Ground out 5-3 (Groundball, 56)
|
Batting: RHB Diego Rivera
|
0-0: Ball 1-0: Ball 2-0: Swinging Strike 2-1: Ball 3-1: Swinging Strike 3-2: Foul Ball, location: 2F 3-2: Fly out, F8 (Line Drive, 8RM)
|
Bottom of the 6th over - 0 run(s), 0 hit(s), 0 error(s), 0 left on base; Detroit 0 - Allentown 8 |
TOP OF THE 7TH |
Detroit X-Wings batting - Pitching for Allentown Hillbillies : RHP Okura Oike
|
Batting: SHB Felipe Detorres
|
0-0: SINGLE (Groundball, 34D)
|
Batting: LHB Chris Loudermilk
|
0-0: SINGLE (Line Drive, 34D) Felipe Detorres to second Runner from 2nd tries for 3rd, SAFE, no throw
|
Batting: RHB Keith Sims
|
0-0: Foul Ball, location: 2F 0-1: Ball 1-1: Fly out, F7 (Flyball, 7) Runner from 3rd tags up, OUT at HOME Chris Loudermilk to second
|
Batting: LHB Jeremy Cox
|
0-0: Ball 1-0: Called Strike 1-1: SINGLE (Groundball, 56D) Chris Loudermilk to third Runner from 3rd tries for Home, SAFE, no throw
|
Pitching: RHP Pepe Fernández
|
|
Batting: RHB Jorge Castillo
|
0-0: Ball 1-0: Fielders Choice at 2nd, 4-6 (Groundball, 4)
|
Top of the 7th over - 1 run(s), 3 hit(s), 0 error(s), 0 left on base; Detroit 1 - Allentown 8 |
BOTTOM OF THE 7TH |
Allentown Hillbillies batting - Pitching for Detroit X-Wings : RHP Ralph Bascombe
|
Batting: LHB Eduardo Rodríguez
|
0-0: Called Strike 0-1: SINGLE (Groundball, 4S) (infield hit)
|
Batting: RHB Dan Banks
|
0-0: Ball 1-0: Called Strike 1-1: Ball 2-1: Grounds into double play, 6-4-3 (Groundball, 6)
|
Batting: RHB Carl Brown
|
0-0: Ball 1-0: Called Strike 1-1: Ball 2-1: Ball 3-1: Base on Balls
|
Batting: RHB Bartolo López
|
0-0: Ball 1-0: Fielders Choice at 2nd, 4-6 (Groundball, 4)
|
Bottom of the 7th over - 0 run(s), 1 hit(s), 0 error(s), 0 left on base; Detroit 1 - Allentown 8 |
TOP OF THE 8TH |
Detroit X-Wings batting - Pitching for Allentown Hillbillies : RHP Pepe Fernández
|
Now at 1B: Germano Labrego
|
|
Batting: LHB Sergio Luna
|
0-0: SINGLE (Groundball, 4MD)
|
Batting: RHB Robby Lewis
|
0-0: Foul Ball, location: 2F 0-1: Foul Ball, location: 2F 0-2: Ball 1-2: Grounds into double play, 6-4-3 (Groundball, 56)
|
Batting: RHB Yoshitsune Kamida
|
0-0: Called Strike 0-1: Ball 1-1: Ball 2-1: Called Strike 2-2: Ball 3-2: Ground out 6-3 (Groundball, 6)
|
Top of the 8th over - 0 run(s), 1 hit(s), 0 error(s), 0 left on base; Detroit 1 - Allentown 8 |
BOTTOM OF THE 8TH |
Allentown Hillbillies batting - Pitching for Detroit X-Wings : RHP Ralph Bascombe
|
Batting: RHB Joel Jackson
|
0-0: Foul Ball, location: 2F 0-1: Ball 1-1: Ball 2-1: Ball 3-1: Base on Balls
|
Batting: RHB Millard Stark
|
0-0: Called Strike 0-1: Foul Ball, location: 2F 0-2: Ball 1-2: 2-RUN HOME RUN (Flyball, 8LXD), Distance : 433 ft
|
Batting: RHB António Yánez
|
0-0: Ball 1-0: Called Strike 1-1: Foul Ball, location: 2F 1-2: Foul Ball, location: 2F 1-2: Ground out 4-3 (Groundball, 4MD)
|
Pitching: RHP Domingo Rodríguez
|
|
Batting: RHB Albert Lutz
|
0-0: Swinging Strike 0-1: Ball 1-1: Foul Ball, location: 2F 1-2: Ground out 6-3 (Groundball, 6)
|
Batting: RHB Diego Rivera
|
0-0: Ball 1-0: Called Strike 1-1: Swinging Strike 1-2: Strikes out swinging
|
Bottom of the 8th over - 2 run(s), 1 hit(s), 0 error(s), 0 left on base; Detroit 1 - Allentown 10 |
TOP OF THE 9TH |
Detroit X-Wings batting - Pitching for Allentown Hillbillies : RHP Pepe Fernández
|
Batting: RHB Gary Witt
|
0-0: Swinging Strike 0-1: Called Strike 0-2: Ball 1-2: Ball 2-2: Foul Ball, location: 2F 2-2: Strikes out swinging
|
Batting: SHB Felipe Detorres
|
0-0: Ball 1-0: Ground out 6-3 (Groundball, 6)
|
Batting: LHB Chris Loudermilk
|
0-0: Foul Ball, location: 2F 0-1: Fly out, F8 (Line Drive, 8LM)
|
Top of the 9th over - 0 run(s), 0 hit(s), 0 error(s), 0 left on base; Detroit 1 - Allentown 10 |
|